 Dungeon Crawl Stone Soup version 0.29.1-15-g9cfb28693d (webtiles) character file.

Game seed: 9482557324055459858

231 Sharkman1231 the Chiller (level 5, -19/35 HPs)
             Began as a Demonspawn Ice Elementalist on Apr 17, 2023.
             Was an Initiate of Vehumet.
             Demolished by an ogre
             ... wielding a +0 giant club
              (20 damage)
             ... on level 5 of the Dungeon.
             The game lasted 00:03:41 (4693 turns).

Sharkman1231 the Chiller (DsIE)                     Turns: 4693, Time: 00:03:42

Health: -19/35     AC:  3    Str:  8    XL:     5   Next: 72%
Magic:  10/10      EV: 12    Int: 16    God:    Vehumet [......]
Gold:   186        SH:  0    Dex: 16    Spells: 6/10 levels left

rFire   . . .      SeeInvis .   f - +3 dagger (speed)
rCold   . . .      Faith    .   (no shield)
rNeg    . . .      Spirit   .   a - +0 robe
rPois   .          Reflect  .   (helmet restricted)
rElec   .          Harm     .   (no cloak)
rCorr   .          Rampage  .   (no gloves)
Will    .....                   t - +0 pair of boots
Stlth   ++........              (no amulet)
HPRegen 0.11/turn               (no ring)
MPRegen 0.12/turn               (no ring)

@: no status effects
A: horns 1, ignite blood 1
a: Renounce Religion


You were on level 5 of the Dungeon.
You worshipped Vehumet.
Vehumet was noncommittal.
You visited 2 branches of the dungeon, and saw 6 of its levels.

You collected 186 gold pieces.

Inventory:

Hand Weapons
 f - a +3 dagger of speed (weapon)
Armour
 a - a +0 robe (worn)
 t - a +0 pair of boots (worn)
Scrolls
 d - a scroll of fog
 e - a scroll of noise {unknown}
 j - a scroll of fear {unknown}
 m - a scroll of immolation
 p - a scroll of vulnerability
 q - a scroll of enchant weapon
 r - a scroll of teleportation
 s - a scroll of brand weapon {unknown}
Potions
 b - 2 potions of magic
 c - a potion of haste
 i - a potion of brilliance {unknown}
 k - 2 potions of might {unknown}
 l - 2 potions of invisibility {unknown}
 n - 3 potions of heal wounds {unknown}
 o - 2 potions of curing {unknown}


   Skills:
 - Level 1.7 Dodging
 - Level 1.7 Stealth
 + Level 3.3 Spellcasting
 * Level 5.8 Ice Magic


You had 6 spell levels left.
You knew the following spells:

 Your Spells              Type           Power      Damage    Failure   Level
a - Freeze                Ice            84%        1d10      1%          1
b - Frozen Ramparts       Ice            42%        1d7       4%          3

Your spell library contained the following spells:

 Spells                   Type           Power      Damage    Failure   Level
 Ozocubu's Armour         Ice            21%        N/A       4%          3
 Dazzling Flash           Conj/Hex       4%         N/A       47%         3
 Hailstorm                Conj/Ice       12%        3d5       47%         4
 Agony                    Necr           2%         N/A       99%         5
 Silence                  Hex/Air        1%         N/A       99%         5


Dungeon Overview and Level Annotations

Branches:
Dungeon (5/15)             Temple (1/1) D:4

Altars:
Cheibriados
Nemelex Xobeh
Ru
Sif Muna
Vehumet
Wu Jian

Annotations:
D:4 Dowan, Duvessa


Innate Abilities, Weirdness & Mutations

You have a pair of small horns on your head.
Your demonic aura sometimes causes spilled blood to erupt in flames.


Message History

You open the door.
There is an open door here.
You open the door.
There is an open door here.
You open the door.
There is an open door here.
There is an open door here.
Key pressed, stopping explore.
There is an open door here.
You open the door.
There is an open door here.
You open the door.
Duvessa shouts!
Duvessa is nearby!
You drop a potion of degeneration.
There is an open door here.
Duvessa zaps a wand.
The puff of flame hits you.
Duvessa zaps a wand.
The puff of flame hits you.
There is an open door here.
There is an escape hatch in the floor here.
Duvessa zaps a wand.
The puff of flame hits you!
You slide downwards.
The hatch slams shut behind you.
Found 18 gold pieces.
Unknown command.
The ogre shouts! x2; The orc shouts!
You hear a shout! x2
An orc priest comes into view. It is wielding a +0 short sword.
The orc priest shouts!
A centaur comes into view.
The orc priest calls down the wrath of Beogh upon you.
Beogh smites you!
* * * LOW HITPOINT WARNING * * *
You hear a shout!
As you read the scroll labelled HIRUEGGINERPH, it crumbles to dust.
The creatures around you are filled with an inner flame!
It was a scroll of immolation.
The centaur wields a +0 shortbow.
The centaur shoots an arrow.
The arrow hits you!
* * * LOW HITPOINT WARNING * * *
The ogre hits you with a +0 giant club!!
Ouch! That really hurt!
You die...

. ###+### .
...$#...O@#....
....O.........c..
....#...$.##.....
## ###+### ...o
... #.


You could see 2 ogres, a centaur (inner flame) and an orc priest (inner flame).

Vanquished Creatures
  A scorpion (D:4)
  9 adders
  3 dart slugs
  An orc (D:3)
  5 ball pythons
  5 bats
  10 endoplasms
  2 giant cockroaches
  6 goblins
  3 hobgoblins
  12 jackals
  8 kobolds
  6 quokkas
  3 frilled lizards (D:2)
  11 rats
85 creatures vanquished.

Notes
Turn   | Place    | Note
-------+----------+-------------------------------------------
     0 | D:1      | Sharkman1231 the Demonspawn Ice Elementalist began the
                  | quest for the Orb.
     0 | D:1      | Reached XP level 1. HP: 13/13 MP: 3/3
   190 | D:1      | Reached skill level 4 in Ice Magic
   379 | D:1      | Gained mutation: You have a pair of small horns on your
                  | head. [demonic ancestry]
   379 | D:1      | Reached XP level 2. HP: 14/19 MP: 1/5
  1566 | D:1      | Gained mutation: Your demonic aura sometimes causes spilled
                  | blood to erupt in flames. [demonic ancestry]
  1566 | D:1      | Reached XP level 3. HP: 24/24 MP: 6/6
  1991 | D:2      | HP: 1/24 [poisoned by an adder]
  2577 | D:2      | Reached XP level 4. HP: 30/30 MP: 3/7
  2690 | D:2      | Reached skill level 5 in Ice Magic
  2928 | D:3      | Found a faded altar of an unknown god.
  3211 | D:3      | Reached XP level 5. HP: 35/35 MP: 9/9
  3333 | D:3      | Learned a level 3 spell: Frozen Ramparts
  4137 | D:4      | Noticed Duvessa
  4137 | D:4      | Noticed Dowan
  4467 | D:4      | Found a staircase to the Ecumenical Temple.
  4481 | Temple   | Entered the Ecumenical Temple
  4537 | Temple   | Became a worshipper of Vehumet
  4690 | D:5      | Entered Level 5 of the Dungeon
  4690 | D:5      | Noticed an ogre
  4690 | D:5      | Noticed an ogre
  4692 | D:5      | Noticed a centaur
  4693 | D:5      | HP: 1/35 [centaur/arrow (8)]
  4693 | D:5      | Demolished by an ogre

Illustrated notes

Levels and vault maps discovered:
D:1:      dpeg_arrival_three_bigger_balls, layout_basic
D:2:      layout_rooms, minmay_pentomino_u4
D:3:      layout_rooms, basic_ecumenical_altar, minmay_vboxes
D:4:      layout_gridville, minmay_temple_entry_purple_smoke, serial_shops,
          shop, dk_rats_in_the_wall, uniq_duvessa
D:5:      layout_basic, grunt_temple_overflow_holy_war,
          mainiacjoe_overflow_six_doors_small, mainiacjoe_overflow_alcove_2
Temple:   bh_familiar_temple

Skill      XL: |  1  2  3  4  5 |
---------------+----------------+-----
Ice Magic      | 4 5 |  5.8
Spellcasting   | 3 |  3.3
Dodging        | |  1.7
Stealth        | |  1.7

Action                   |  1- 3 |  4- 6 || total
-------------------------+-------+-------++-------
Melee: Unarmed           |    11 |       ||    11
       Dagger            |    43 |    39 ||    82
       Headbutt          |     3 |     6 ||     9
 Cast: Freeze            |    56 |    44 ||   100
  Use: Potion            |     1 |       ||     1
       Scroll            |       |     8 ||     8
 Stab: Sleeping          |       |     3 ||     3
Armor: Robe              |    17 |     9 ||    26
Dodge: Dodged            |    75 |    48 ||   123
